 Dungeon Crawl Stone Soup version 0.24.0-37-gcf1ca852f1 (webtiles) character file.

Game seed: 11670204244279326674, levelgen mode: deterministic

62 sankara the Poker (level 3, -2/30 HPs)
             Began as a Minotaur Warper on Dec 5, 2019.
             Killed by nerve-wracking pain
             ... invoked by Grinder
              (6 damage)
             ... while paralysed by Grinder
             ... on level 3 of the Dungeon.
             The game lasted 00:06:49 (1650 turns).

sankara the Poker (Minotaur Warper)                 Turns: 1650, Time: 00:06:50

Health: -2/30      AC:  5    Str: 15 (16) XL:     3   Next: 85%
Magic:  2/4        EV:  2    Int: 13 (15) God:
Gold:   31         SH:  0    Dex:  8 (9)  Spells: 0/4 levels left

rFire    . . .     SeeInvis .   a - +0 spear
rCold    . . .     Gourm    .   (no shield)
rNeg     . . .     Faith    .   w - +0 leather armour
rPois    .         Spirit   .   (helmet restricted)
rElec    .         Reflect  .   (no cloak)
rCorr    .         Harm     .   o - +0 pair of gloves
MR       +....                  v - +0 pair of boots
Stlth    +.........             (no amulet)
HPRegen  0.10/turn              c - ring of protection from magic
MPRegen  0.09/turn              (no ring)

@: paralysed, brilliant
A: retaliatory headbutt, horns 2
a: no special abilities


You were on level 3 of the Dungeon.
You were not hungry.

You visited 1 branch of the dungeon, and saw 3 of its levels.

You collected 31 gold pieces.

Inventory:

Hand Weapons
 a - a +0 spear (weapon)
 b - a +0 hunting sling
 j - a +1 vampiric whip
Missiles
 e - 5 boomerangs of dispersal (quivered)
 h - 67 stones
 p - 24 sling bullets
 r - 3 poisoned darts
Armour
 o - a +0 pair of gloves (worn)
 v - a +0 pair of boots (worn)
 w - a +0 leather armour (worn)
Jewellery
 c - a ring of protection from magic (left hand)
 m - an uncursed ring of ice
Scrolls
 d - 2 scrolls of blinking
 k - 2 scrolls of enchant armour {unknown}
 l - 2 scrolls of fog {unknown}
 t - a scroll of amnesia {unknown}
Potions
 q - a potion of curing
 s - 2 potions of brilliance
 u - a potion of might {unknown}
 x - a potion of agility {unknown}
Comestibles
 f - 3 rations
 g - 2 chunks of flesh


   Skills:
 - Level 2.4 Fighting
 * Level 5.0 Polearms
 - Level 1.0 Throwing
 - Level 1.2 Armour
 - Level 2.1 Dodging
 - Level 1.3 Spellcasting
 + Level 2.3 Translocations


You couldn't memorise any spells.
You knew the following spells:

 Your Spells              Type           Power        Failure   Level  Hunger
a - Shroud of Golubria    Chrm/Tloc      ##....       3%          2    ###....
b - Blink                 Tloc           N/A          2%          2    ###....

Your spell library contained the following spells:

 Spells                   Type           Power        Failure   Level  Hunger
 Gell's Gravitas          Tloc           ##........   4%          3    ####...
 Lesser Beckoning         Tloc           ##........   4%          3    ####...
 Teleport Other           Tloc           ##......     4%          3    ####...
 Passage of Golubria      Tloc           N/A          13%         4    #####..


Dungeon Overview and Level Annotations

Branches:
Dungeon (3/15)

Altars:
Ashenzari

Annotations:
D:3 Grinder


Innate Abilities, Weirdness & Mutations

You reflexively headbutt those who attack you in melee.
You have a pair of horns on your head.


Message History

Grinder closely misses you. You furiously retaliate!
You headbutt Grinder! You hit Grinder.
Grinder is severely wounded.
You are too injured to fight recklessly!
You are too injured to fight recklessly!
You hit Grinder.
Grinder is severely wounded.
Grinder gestures at you.
You suddenly lose the ability to move!
Grinder gestures at you.
You easily resist.
Grinder hits you.
* * * LOW HITPOINT WARNING * * *
You writhe in agony.
* * * LOW HITPOINT WARNING * * *
Grinder gestures at you.
You easily resist.
Grinder gestures at you. Pain shoots through your body!
You die...

#.# #.# #.# #.#
#.# #.# #5# #.#
#.# #.# #.# #.#
#รท#
#####.####.#
#.......@5.#
.......#.######
..##...#.#
.......#
..######## .


You could see Grinder.

Vanquished Creatures
  3 adders (D:2)
  A worm (D:2)
  3 leopard geckos
  2 giant cockroaches (D:2)
  3 goblins (D:1)
  3 hobgoblins
  6 bats
  3 frilled lizards
  2 kobolds (D:1)
  5 rats
31 creatures vanquished.

Notes
Turn   | Place    | Note
-------+----------+-------------------------------------------
     0 | D:1      | sankara the Minotaur Warper began the quest for the Orb.
     0 | D:1      | Reached XP level 1. HP: 18/18 MP: 1/1
   114 | D:1      | Reached skill level 3 in Polearms
   354 | D:1      | Reached XP level 2. HP: 25/25 MP: 3/3
   939 | D:2      | Reached skill level 4 in Polearms
   947 | D:2      | Reached XP level 3. HP: 29/30 MP: 4/4
  1090 | D:2      | Learned a level 2 spell: Blink
  1093 | D:2      | Learned a level 2 spell: Shroud of Golubria
  1168 | D:2      | Found a shattered altar of Ashenzari.
  1620 | D:3      | Noticed Grinder
  1621 | D:3      | Paralysed by Grinder for 3 turns
  1632 | D:3      | Reached skill level 5 in Polearms
  1646 | D:3      | Paralysed by Grinder for 6 turns
  1650 | D:3      | Killed from afar by Grinder

Levels and vault maps discovered:
D:1:      minmay_arrival_four_houses, layout_loops_corners,
          minmay_misc_feat_cross
D:2:      layout_loops_ring, nicolae_ashenzari_panopticon
D:3:      layout_loops_ring, cheibriados_altar_1, overflow_temple_1_default,
          first_ration, lightli_corner_chamber, uniq_natasha, uniq_grinder,
          uniq_jessica, uniq_ijyb

Skill      XL: |  1  2  3 |
---------------+----------+-----
Polearms       | 3 4 5 |  5.0
Fighting       | |  2.4
Throwing       | |  1.0
Armour         | |  1.2
Dodging        | |  2.1
Spellcasting   | |  1.3
Translocations | |  2.3

Action                   || total
-------------------------++-------
Melee: Spear             ||   102
       Headbutt          ||    11
 Fire: Hunting sling     ||     4
 Cast: Shroud of Golubri ||     1
  Use: Potion            ||     4
  Eat: Chunk             ||     2
Armor: Leather armour    ||    20
Dodge: Dodged            ||    47
